 Dungeon Crawl Stone Soup version 0.22.1-2-g9c5b331 (webtiles) character file.

125 Fang the Chopper (level 5, -2/33 HPs)
             Began as a Gargoyle Berserker on Dec 4, 2018.
             Was a Believer of Trog.
             Slain by a hound (4 damage)
             ... on level 4 of the Dungeon on Dec 5, 2018.
             The game lasted 00:03:23 (1207 turns).

Fang the Chopper (Gargoyle Berserker)               Turns: 1207, Time: 00:03:24

Health: -2/33      AC:  9    Str: 21    XL:     5   Next: 9%
Magic:  5/5        EV: 11    Int:  8    God:    Trog [**....]
Gold:   84         SH:  0    Dex:  9    Spells: 4/4 levels left

rFire    . . .     SeeInvis .   a - +0 hand axe
rCold    . . .     Gourm    .   (no shield)
rNeg     + . .     Faith    .   e - +0 ring mail
rPois    ∞         Spirit   .   (no helmet)
rElec    +         Reflect  .   (no cloak)
rCorr    .         Harm     .   (no gloves)
MR       .....                  (no boots)
Stlth    ..........             (no amulet)
HPRegen  0.11/turn              (no ring)
MPRegen  0.09/turn              (no ring)

@: berserk cooldown, slowed, very slow
A: negative energy resistance 1, electricity resistance, unbreathing,
petrification resistance, rot immunity, AC +4
a: Berserk, Trog's Hand, Renounce Religion


You were on level 4 of the Dungeon.
You worshipped Trog.
Trog was pleased with you.
You were very hungry.

You visited 1 branch of the dungeon, and saw 3 of its levels.

You collected 84 gold pieces.

Inventory:

Hand Weapons
 a - a +0 hand axe (weapon)
Armour
 e - a +0 ring mail (worn)
Scrolls
 b - 2 scrolls of fear {unknown}
 d - 2 scrolls of enchant armour {unknown}
 i - a scroll of random uselessness {unknown}
 j - 2 scrolls of identify {unknown}
 k - 2 scrolls of amnesia {unknown}
Potions
 f - a potion of haste {unknown}
 g - a potion of flight {unknown}
 h - a potion of lignification {unknown}
Comestibles
 c - 4 rations
 l - 2 chunks of flesh


   Skills:
 + Level 3.9 Fighting
 + Level 4.1 Axes
 + Level 2.8 Armour
 + Level 2.1 Dodging
 + Level 0.1 Stealth


You had 4 spell levels left.
You didn't know any spells.
Your spell library was empty.

Dungeon Overview and Level Annotations

Branches:
Dungeon (2/15)

Altars:


Innate Abilities, Weirdness & Mutations

You are resistant to torment.
Your stone body is resilient. (AC +4)
You are immune to poison.
You resist negative energy. (rN+)
You are resistant to electric shocks. (rElec)
You can survive without breathing.
You are immune to petrification.
You are immune to rotting.


Message History

The hound barely misses you. The hound bites you.
* * * LOW HITPOINT WARNING * * *
The hound bites you but does no damage.
You barely miss the hound.
The hound is lightly wounded.
The hound completely misses you. The hound barely misses you.
You hit the hound.
The hound is moderately wounded.
The hound bites you.
* * * LOW HITPOINT WARNING * * *
The hound bites you.
* * * LOW HITPOINT WARNING * * *
You barely miss the hound.
The hound is moderately wounded.
The hound misses you. The hound bites you but does no damage.
The hound closely misses you.
You miss the hound.
The hound is moderately wounded.
The hound bites you but does no damage. The hound bites you.
You die...

##### ..#.. #.#.#
#.#.##########
#.#...........
#..)......####
#..).h@.......
...............####
..?.###........#
... #....(...# .
#........#
..........#
......######
......#


You could see a hound.

Vanquished Creatures
  An orc priest (D:4)
  An orc wizard (D:4)
  2 adders (D:2)
  An ooze (D:1)
  A dart slug (D:1)
  A leopard gecko (D:1)
  An orc (D:4)
  10 bats
  2 giant cockroaches (D:1)
  A goblin (D:2)
  5 hobgoblins
  2 jackals (D:1)
  2 kobolds
  A quokka (D:2)
  3 frilled lizards (D:1)
  6 rats (D:1)
40 creatures vanquished.

Notes
Turn   | Place    | Note
-------+----------+-------------------------------------------
     0 | D:1      | Fang the Gargoyle Berserker began the quest for the Orb.
     0 | D:1      | Reached XP level 1. HP: 14/14 MP: 1/1
   360 | D:1      | Reached XP level 2. HP: 18/19 MP: 2/2
   364 | D:1      | Reached skill level 3 in Axes
   558 | D:1      | Reached XP level 3. HP: 19/24 MP: 3/3
   626 | D:1      | Reached ** piety under Trog
  1136 | D:2      | Reached XP level 4. HP: 25/29 MP: 4/4
  1186 | D:2      | You fall through a shaft for 2 floors!
  1196 | D:4      | Reached skill level 4 in Axes
  1196 | D:4      | Reached XP level 5. HP: 10/33 MP: 5/5
  1207 | D:4      | Slain by a hound

Skill      XL: |  1  2  3  4 |
---------------+-------------+-----
Axes           | 3 4 |  4.1
Dodging        | 2 |  2.1
Fighting       | |  3.9
Armour         | |  2.8
Stealth        | |  0.1

Action                   |  1- 3 |  4- 6 || total
-------------------------+-------+-------++-------
Melee: Hand axe          |   115 |    24 ||   139
Invok: Berserk           |       |     1 ||     1
  Eat: Chunk             |       |     1 ||     1
Armor: Ring mail         |    86 |    13 ||    99
       Animal skin       |     4 |       ||     4
Dodge: Dodged            |   104 |    16 ||   120
